 Dungeon Crawl Stone Soup version 0.30-a0-743-gbfdf073431 (webtiles) character file.

Game seed: 4582740589814168698

51 Leeroy the Slasher (level 3, -4/27 HPs)
             Began as a Merfolk Gladiator on Feb 6, 2023.
             Slain by an iguana (9 damage)
             ... on level 2 of the Dungeon.
             The game lasted 00:01:34 (1203 turns).

Leeroy the Slasher (Merfolk Gladiator)              Turns: 1203, Time: 00:01:34

Health: -4/27      AC:  4    Str: 14    XL:     3   Next: 81%
Magic:  3/3        EV: 13    Int:  7    God:
Gold:   135        SH:  0    Dex: 17    Spells: 2/2 levels left

rFire   . . .      SeeInvis .    a - +0 long sword
rCold   . . .      Faith    .    (no shield)
rNeg    . . .      Spirit   .    b - +0 leather armour
rPois   .          Reflect  .    c - +0 helmet
rElec   .          Harm     .    (no cloak)
rCorr   .          Rampage  .    (no gloves)
Will    .....                    (no boots)
Stlth   +                        (no amulet)
HPRegen 0.24/turn                (no ring)
MPRegen 0.08/turn                (no ring)

@: no status effects
A: (nimble swimmer 2), mertail
a: no special abilities


You were on level 2 of the Dungeon.
You visited 1 branch of the dungeon, and saw 2 of its levels.

You collected 135 gold pieces.

Inventory:

Hand Weapons
 a - a +0 long sword (weapon)
Missiles
 d - 3 throwing nets (quivered)
 e - a javelin
 m - 11 poisoned darts
Armour
 b - a +0 leather armour (worn)
 c - a +0 helmet (worn)
Scrolls
 f - a scroll of noise {unknown}
 k - 4 scrolls of identify {unknown}
 o - a scroll of enchant armour {unknown}
 p - a scroll of fear {unknown}
 q - a scroll of teleportation {unknown}
Potions
 g - a potion of invisibility {unknown}
 h - a potion of curing {unknown}
 i - a potion of degeneration {unknown}
 j - a potion of brilliance {unknown}
 l - a potion of ambrosia {unknown}
 n - 2 potions of heal wounds {unknown}


   Skills:
 - Level 2.1 Fighting
 + Level 5.6 Long Blades
 - Level 2.0 Throwing
 - Level 4.0 Dodging


You had 2 spell levels left.
You didn't know any spells.
Your spell library was empty.

Dungeon Overview and Level Annotations

Branches:
Dungeon (2/15)

Altars:


Innate Abilities, Weirdness & Mutations

((You are very nimble when in or above water. (Stealth+, EV+, Speed+++)))
Your lower body shifts to a powerful aquatic tail in water.


Message History

Found a spear.
You see here a +0 spear.
Found a stone staircase leading up.
No target in view!
No target in view!
No target in view!
You see here a bat corpse.
An iguana comes into view.
An iguana is nearby!
An iguana is nearby!
The iguana hisses angrily.
The iguana misses you.
You hit the iguana.
The iguana is moderately wounded.
The iguana closely misses you.
You hit the iguana.
The iguana is severely wounded.
The iguana bites you! The iguana bites you.
You are too injured to fight recklessly!
You are too injured to fight recklessly!
You are too injured to fight recklessly!
You are too injured to fight recklessly!
You are too injured to fight recklessly!
You are too injured to fight recklessly!
You are too injured to fight recklessly!
You are too injured to fight recklessly!
You are too injured to fight recklessly!
You are too injured to fight recklessly!
You are too injured to fight recklessly!
You are too injured to fight recklessly!
You are too injured to fight recklessly!
You are too injured to fight recklessly!
You hit the iguana but do no damage.
The iguana is severely wounded.
The iguana bites you!
* * * LOW HITPOINT WARNING * * *
You hit the iguana.
The iguana is severely wounded.
The iguana bites you!
You die...

#### ####### # #.....# #
#.....########
#............#
######.#+#.#####.# .
#.#......#..#....#
....###.#.##......#.#...
#.....l@..##......#.....
############<.....#..#..
#.....#.#..#÷....
#.##....#..#.####
###.##..#<####.#..#
...................
........).##.#.#..#
####..)††....#.#...
#.........#.##.#


You could see an iguana.

Vanquished Creatures
  2 adders (D:2)
  3 ball pythons
  An endoplasm (D:2)
  8 goblins
  3 hobgoblins
  4 quokkas
  7 bats
  3 kobolds (D:1)
31 creatures vanquished.

Notes
Turn   | Place    | Note
-------+----------+-------------------------------------------
     0 | D:1      | Leeroy the Merfolk Gladiator began the quest for the Orb.
     0 | D:1      | Reached XP level 1. HP: 16/16 MP: 1/1
    79 | D:1      | Reached skill level 4 in Long Blades
   194 | D:1      | Reached XP level 2. HP: 7/22 MP: 2/2
   784 | D:2      | Reached XP level 3. HP: 4/27 MP: 3/3
   791 | D:2      | HP: 1/27 [quokka (3)]
   793 | D:2      | Reached skill level 5 in Long Blades
  1203 | D:2      | Slain by an iguana

Illustrated notes

Levels and vault maps discovered:
D:1:      dpeg_arrival_simpleton_c, layout_basic, serial_park_tiny_pond
D:2:      layout_basic, basic_altar, chequers_serial_rivers_small_b

Skill      XL: |  1  2  3 |
---------------+----------+-----
Long Blades    | 4 5 |  5.6
Fighting       | |  2.1
Throwing       | |  2.0
Dodging        | |  4.0

Action                     || total
---------------------------++-------
  Melee: Long sword        ||   112
   Stab: Sleeping          ||     1
 Armour: Leather armour    ||    47
  Dodge: Dodged            ||   123

Table legend: (Time is in decaauts)
 A = Elapsed time spent in this place.
 B = Non-inter-level travel time spent in this place.
 C = Inter-level travel time spent in this place.
 D = Time resting spent in this place.
 E = Time spent auto-exploring this place.
 F = Levels seen in this place.
 G = Mean time per level.
                   A        B        C        D        E       F      G
               +--------+--------+--------+--------+--------+-----+--------+
         Total |   1219 |   1208 |     11 |      5 |    943 |   2 |  609.5 |
       Dungeon |   1219 |   1208 |     11 |      5 |    943 |   2 |  609.5 |
               +--------+--------+--------+--------+--------+-----+--------+

Top non-repeatable levels by time:
     D:1: 774 daAuts
     D:2: 445 daAuts
